 Dungeon Crawl Stone Soup version 0.31-a0-632-g766dd24fdf (webtiles) character file.

Game seed: 2999295399128838428

989 ytrimaz the Changeling (level 7, -3/56 HPs)
             Began as a Demigod Shapeshifter on Aug 25, 2023.
             Slain by an ogre
             ... wielding a +0 giant spiked club
              (20 damage)
             ... on level 4 of the Dungeon.
             The game lasted 00:06:41 (4387 turns).

ytrimaz the Changeling (Demigod Shapeshifter)       Turns: 4387, Time: 00:06:41

Health: -3/56      AC: 10    Str: 20    XL:     7   Next: 65%
Magic:  18/18      EV:  6    Int: 10    God:
Gold:   245        SH:  0    Dex: 18    Spells: 6/6 levels left

rFire   . .          .
                       - Unarmed
rCold   . . .        (no shield)
rNeg    . . .        o - +0 plate armour
rPois   .            (helmet currently unavailable)
rElec   .            (cloak currently unavailable)
rCorr   .            (gloves currently unavailable)
SInv    .            (boots currently unavailable)
Will    .....        g - amulet of regeneration Stlth
                     l - ring of wizardry
HPRegen 1.09/turn    b - ring of magical power
MPRegen 0.16/turn

%: clarity, wizardry (x1)
@: beast-form
A: beast (slay +3), high MP 1, forlorn, divine attributes, clarity, mutation
resistance 1, robust 1
a: Begin Untransformation


You were on level 4 of the Dungeon.
You were a hulking beast.
You visited 1 branch of the dungeon, and saw 7 of its levels.
You also visited: Sewer.

You collected 270 gold pieces.
You spent 25 gold pieces at shops.


Innate Abilities, Weirdness & Mutations

You are a hulking beast.
Your limbs bulge with bestial killing power. (Slay +3)
You have an increased reservoir of magic. (+10% MP)
You shall have no god before yourself.
Your divine heritage dramatically boosts your attributes as you level up.
You possess an exceptional clarity of mind.
You are somewhat resistant to further mutation.
You are robust. (+10% HP)


   Skills:
 - Level 0.8 Fighting
 - Level 1.7 Dodging
 + Level 5.5 Unarmed Combat
 * Level 6.8 Shapeshifting


You had 6 spell levels left.
You didn't know any spells.
Your spell library contained the following spells:

 Spells                   Type           Power      Damage    Failure   Level
 Freeze                   Ice            0%         1d3       99%         1
 Call Canine Familiar     Summ           0%         N/A       100%        3
 Frozen Ramparts          Ice            0%         1d1       100%        3
 Hailstorm                Conj/Ice       0%         3d3       100%        3
 Portal Projectile        Hex/Tloc       0%         N/A       100%        3
 Summon Guardian Golem    Hex/Summ       0%         N/A       100%        3
 Leda's Liquefaction      Hex/Erth       0%         N/A       100%        4
 Orb of Destruction       Conj           0%         9d5       100%        7
 Spellforged Servitor     Conj/Summ      0%         N/A       100%        7

Inventory:

Missiles
 r - a throwing net
Armour
 a - a +0 animal skin
 o - a +0 plate armour (worn)
   (You found it on level 5 of the Dungeon)
Jewellery
 b - a ring of magical power (right hand)
   (You found it on level 2 of the Dungeon)
 g - an amulet of regeneration (around neck)
   (You found it on level 7 of the Dungeon)
 l - a ring of wizardry (left hand)
   (You found it on level 1 of the Dungeon)
 n - a ring of flight
   (You took it off a kobold on level 4 of the Dungeon)
Talismans
 c - a beast talisman (active)
 d - a flux talisman
Wands
 j - a wand of polymorph (7)
   (You took it off Pikel on level 4 of the Dungeon)
Scrolls
 f - a scroll of identify
 h - a scroll of silence
 k - a scroll of brand weapon {unknown}
 q - a scroll of fog
Potions
 e - 3 potions of enlightenment
 i - 2 potions of degeneration
 m - 2 potions of mutation

Dungeon Overview and Level Annotations

Branches:
Dungeon (7/15) Zot: 26048   Sewer (visited)
 Temple: D:4-7

Shops:
D:1 *   D:4 :*([= D:7

[ #^# .. #.# .......# .#
#.# ....... .. #.#
###..... .. ...... ..#
#.# #....# #.# #.####
#....# # #.# #.##..
##.O..#.# #.# #.##.#
#..h..#.# #.# #.##.#
#.......###.###.##.#
#.∩.................
#.............).....
.#####.......###.###.##.#
.............###.# #.##.#
.#####.....†.....###..(..
#.##..†............#
#.....############..


You could see an ogre.


Message History

The goblin closely misses you.
You hit the goblin.
The goblin hits you with a +0 dagger. 😕 HP[-3]
You take 3 damage, and now have 53/56 hp.
You barely miss the goblin. 😕 HP[+1]
You barely miss the goblin.
The goblin hits you but does no damage. 😕 HP[+1] Unknown command.
You punch the goblin!
You kill the goblin! 😎 HP[+1]
Your hp is fully restored (56).
No target in view!
Things that are here:
a +0 dagger; a +0 chain mail; a goblin corpse No target in view!
Unknown command.
Key pressed, stopping explore.
No target in view!
A ball python comes into view.
A ball python is nearby!
A ball python is nearby!
Found Ritzeaf's Book Boutique.
The ball python hisses angrily.
A quokka comes into view.
There are monsters nearby!
The ball python bites you but does no damage.
The ball python grabs you.
The ball python constricts you. 😕 HP[-1]
You take 1 damage, and now have 55/56 hp.
You hit the ball python.
The ball python bites you but does no damage.
The ball python constricts you. 😎 HP[+1]
Your hp is fully restored (56).
You hit the ball python.
You kill the ball python!
The quokka barely misses you.
You hit the quokka. The quokka closely misses you.
The quokka bites you but does no damage.
You see here a ball python corpse.
Unknown command.
The quokka closely misses you.
You hit the quokka.
You kill the quokka!
No target in view!
Unknown command.
Found Jysk's General Store.
An orc comes into view. It is wielding a +0 dagger.
An orc is nearby!
An orc is nearby!
An orc is nearby!
You closely miss the orc. The orc hits you but does no damage.
You hit the orc but do no damage. The orc barely misses you.
You hit the orc. The orc hits you but does no damage.
You hit the orc.
Unknown command.
You hit the orc.
You kill the orc!
No target in view!
Things that are here:
a +0 dagger; a +0 ring mail No target in view!
There is an entrance to Jysk's General Store here.
Things that are here:
a +0 dagger; a +0 ring mail An ogre comes into view.
It is wielding a +0 giant spiked club.
The ogre shouts!
An ogre is nearby!
An ogre is nearby!
An ogre is nearby!
The ogre barely misses you.
You hit the ogre.
The ogre hits you with a +0 giant spiked club!! 😮 HP[-20]
You take 20 damage, and now have 36/56 hp.
MASSIVE DAMAGE!! (PAUSE)
You closely miss the ogre. 😮 HP[+1]
You are too injured to fight recklessly!
You hit the ogre but do no damage.
The ogre hits you with a +0 giant spiked club!
* * * LOW HITPOINT WARNING * * *
😨 HP[-15]
You take 15 damage, and now have 22/56 hp.
MASSIVE DAMAGE!! (PAUSE)
You punch the ogre! 😨 HP[+1]
You hit the ogre.
The ogre hits you with a +0 giant spiked club!
* * * LOW HITPOINT WARNING * * *
😨 HP[-7]
You take 7 damage, and now have 16/56 hp.
Unknown command.
You are too injured to fight recklessly!
You barely miss the ogre.
The ogre hits you with a +0 giant spiked club!!
You die...

Skill      XL: |  1  2  3  4  5  6 |
---------------+-------------------+-----
Shapeshifting  | 3 4 5 6 |  6.8
Unarmed Combat | 3 4 5 |  5.5
Fighting       | |  0.8
Dodging        | |  1.7

Action                     |  1- 3 |  4- 6 |  7- 9 || total
---------------------------+-------+-------+-------++-------
  Melee: Unarmed           |   130 |   182 |    51 ||   363
         Punch             |     2 |     4 |     1 ||     7
    Use: Potion            |     3 |     4 |       ||     7
         Scroll            |       |     8 |       ||     8
   Stab: Sleeping          |     6 |     1 |       ||     7
 Armour: Animal skin       |    10 |    16 |       ||    26
         Skin              |    10 |       |       ||    10
         Plate armour      |       |     8 |    39 ||    47
  Dodge: Dodged            |    63 |   160 |    26 ||   249

Levels and vault maps discovered:
D:1:      dpeg_arrival_pond, layout_loops_corners, serial_shops, shop
D:2:      layout_loops_cross, basic_altar, uniq_robin
D:3:      layout_basic, grunt_dithmenos_smoke, portal_sewer_entry_a
D:4:      layout_loops_ring, serial_shops, shop, nicolae_stop_n_shop_2,
          nicolae_shop_getting_attention, shop, shop, uniq_pikel
D:5:      layout_rooms
D:6:      layout_basic, nicolae_overflow_hallway_of_the_gods, temple_green,
          grunt_decor_one_mirror
D:7:      layout_basic, serial_shops, nicolae_lakefront_shop

Notes
Turn   | Place    | Note
-------+----------+-------------------------------------------
     0 | D:1      | ytrimaz the Demigod Shapeshifter began the quest for the
                  | Orb.
     0 | D:1      | Reached XP level 1. HP: 15/15 MP: 3/3
     0 | D:1      | magus.rc [v1.9.6]
    55 | D:1      | Found Topit's Assorted Antiques.
    65 | D:1      | Bought a bubbling yellow potion for 25 gold pieces
   300 | D:1      | Reached skill level 3 in Shapeshifting
   362 | D:1      | Reached XP level 2. HP: 21/22 MP: 4/4
   695 | D:1      | Reached skill level 3 in Unarmed Combat
   828 | D:1      | You pick up a book of Dangerous Friends and begin
                  | reading...
   828 | D:1      | You add the spells Summon Guardian Golem, Orb of
                  | Destruction and Spellforged Servitor to your library.
  1041 | D:2      | HP: 2/22 [worm (8)]
  1048 | D:2      | HP: 4/33 [worm (2)]
  1351 | D:2      | You pick up a book of Frost and begin reading...
  1351 | D:2      | You add the spells Freeze, Frozen Ramparts and Hailstorm to
                  | your library.
  1394 | D:2      | Reached XP level 3. HP: 20/27 MP: 5/5
  1549 | D:2      | You pick up a book of the Hunter and begin reading...
  1549 | D:2      | You add the spells Call Canine Familiar, Portal Projectile
                  | and Leda's Liquefaction to your library.
  1552 | D:2      | Noticed Robin
  1572 | D:2      | Killed Robin
  1573 | D:2      | HP: 10/40 [goblin/+0 dagger[Robin] (2)]
  1580 | D:2      | HP: 5/40 [goblin/+0 club[Robin] (2)]
  2013 | D:3      | Found a glowing drain.
  2036 | D:3      | Reached XP level 4. HP: 15/34 MP: 6/6
  2113 | Sewer    | Entered a sewer
  2119 | Sewer    | Reached skill level 4 in Shapeshifting
  2497 | Sewer    | HP: 8/34 [river rat (8)]
  2629 | D:3      | Identified the +6 buckler "Ytoqeos" {-Cast rElec Dex+3}
  2656 | D:3      | Gained mutation: You are robust. (+10% HP) [potion of
                  | mutation]
  2656 | D:3      | Gained mutation: You possess an exceptional clarity of
                  | mind. [potion of mutation]
  2656 | D:3      | Gained mutation: You are somewhat resistant to further
                  | mutation. [potion of mutation]
  2780 | D:3      | Noticed a water moccasin
  2795 | D:4      | HP: 9/37 [poisoned by a water moccasin]
  2800 | D:4      | HP: 5/37 [poisoned by a water moccasin]
  2821 | D:4      | HP: 6/37 [hobgoblin/+0 war axe (5)]
  3018 | D:4      | Found Jitoa's Antique Weapon Boutique.
  3032 | D:4      | You fall into a shaft and drop 3 floors!
  3117 | D:7      | Reached XP level 5. HP: 18/42 MP: 7/7
  3308 | D:7      | Found Tutwinlo's Armour Shop.
  3383 | D:6      | Reached skill level 4 in Unarmed Combat
  3425 | D:5      | Entered Level 5 of the Dungeon
  3458 | D:5      | Reached skill level 5 in Shapeshifting
  3458 | D:5      | Reached XP level 6. HP: 48/50 MP: 8/8
  3640 | D:5      | Noticed a troll
  3656 | D:5      | HP: 12/50 [hound (5)]
  3665 | D:5      | HP: 11/50 [hound (5)]
  3679 | D:5      | HP: 10/50 [orc/+0 trident (8)]
  3727 | D:5      | HP: 4/50 [ogre/+0 giant club (21)]
  3910 | D:4      | magus.rc [v1.9.6]
  3966 | D:4      | Noticed Pikel
  3980 | D:4      | Killed Pikel
  3981 | D:4      | Reached skill level 5 in Unarmed Combat
  3981 | D:4      | Reached skill level 6 in Shapeshifting
  3981 | D:4      | Reached XP level 7. HP: 50/56 MP: 9/9
  4219 | D:4      | Found Hoaduw's Jewellery Emporium.
  4288 | D:4      | Found Lyrphar's Armour Shoppe.
  4346 | D:4      | Found Ritzeaf's Book Boutique.
  4355 | D:4      | Found Jysk's General Store.
  4387 | D:4      | Slain by an ogre

Vanquished Creatures
  Pikel (D:4)
  An ogre (D:5)
  A scorpion (D:5)
  3 howler monkeys
  A jelly (D:7)
  A hound (D:4)
  A sleepcap (D:5)
  An orc wizard (D:4)
  Robin (D:2)
  4 gnolls (D:6)
  4 adders
  A river rat (D:3)
  A shadow imp (D:5)
  2 ufetubi (D:5)
  3 worms
  11 orcs
  11 ball pythons
  7 endoplasms
  3 giant cockroaches
  16 goblins
  6 hobgoblins
  6 jackals
  2 kobolds
  4 quokkas
  10 bats
  3 frilled lizards
  10 rats
115 creatures vanquished.

Table legend:
 A = Non-vault XP
 B = Vault XP
 C = Vault XP percentage of total XP
 D = Non-vault monster count
 E = Vault monster count
 F = Vault count percentage of total count
                 A         B        C        D         E       F
            +---------+---------+-------+---------+---------+-------
      Total |     747 |     666 |  47.1 |      80 |      35 |  30.4
            +---------+---------+-------+---------+---------+-------
        D:1 |      32 |       0 |   0.0 |      21 |       0 |   0.0
        D:2 |      38 |      34 |  47.2 |      11 |      11 |  50.0
        D:3 |       7 |      18 |  72.0 |       6 |       6 |  50.0
        D:4 |     123 |     559 |  82.0 |      22 |       1 |   4.3
        D:5 |     377 |       0 |   0.0 |      12 |       0 |   0.0
        D:6 |     124 |       0 |   0.0 |       6 |       0 |   0.0
        D:7 |      46 |       0 |   0.0 |       2 |       0 |   0.0
      Sewer |       0 |      55 | 100.0 |       0 |      17 | 100.0
            +---------+---------+-------+---------+---------+-------

Skill      XL: |  1  2  3  4  5  6 |
---------------+-------------------+-----
Shapeshifting  | 3 4 5 6 |  6.8
Unarmed Combat | 3 4 5 |  5.5
Fighting       | |  0.8
Dodging        | |  1.7

Action                     |  1- 3 |  4- 6 |  7- 9 || total
---------------------------+-------+-------+-------++-------
  Melee: Unarmed           |   130 |   182 |    51 ||   363
         Punch             |     2 |     4 |     1 ||     7
    Use: Potion            |     3 |     4 |       ||     7
         Scroll            |       |     8 |       ||     8
   Stab: Sleeping          |     6 |     1 |       ||     7
 Armour: Animal skin       |    10 |    16 |       ||    26
         Skin              |    10 |       |       ||    10
         Plate armour      |       |     8 |    39 ||    47
  Dodge: Dodged            |    63 |   160 |    26 ||   249

Illustrated notes

Table legend:
 A = Kills in this place as a percentage of kills in the entire game.
 B = Kills by you in this place as a percentage of kills by you in the entire game.
 C = Kills by friends in this place as a percentage of kills by friends in the entire game.
 D = Other kills in this place as a percentage of other kills in the entire game.
 E = Experience gained in this place as a percentage of experience gained in the entire game.
 F = Experience gained in this place divided by the number of levels of this place that you have seen.
                   A       B       C       D       E      F
               +-------+-------+-------+-------+-------+----------------------
         Total | 100.0 | 100.0 |   N/A |   N/A | 100.0 | 176.6
       Dungeon |  85.2 |  85.2 |   N/A |   N/A |  96.1 | 194.0
         Sewer |  14.8 |  14.8 |   N/A |   N/A |   3.9 |  55.0
               +-------+-------+-------+-------+-------+----------------------

Table legend: (Time is in decaauts)
 A = Elapsed time spent in this place.
 B = Non-inter-level travel time spent in this place.
 C = Inter-level travel time spent in this place.
 D = Time resting spent in this place.
 E = Time spent auto-exploring this place.
 F = Levels seen in this place.
 G = Mean time per level.
                   A        B        C        D        E       F      G
               +--------+--------+--------+--------+--------+-----+--------+
         Total |   4421 |   4330 |     91 |    474 |   2898 |   8 |  552.6 |
       Dungeon |   3975 |   3884 |     91 |    474 |   2599 |   7 |  567.9 |
         Sewer |    446 |    446 |      0 |      0 |    298 |   1 |  446.0 |
               +--------+--------+--------+--------+--------+-----+--------+

Top non-repeatable levels by time:
     D:1: 993 daAuts
     D:2: 954 daAuts
     D:4: 872 daAuts
     D:3: 450 daAuts
   Sewer: 446 daAuts
     D:5: 314 daAuts
     D:7: 313 daAuts
     D:6: 76 daAuts
